Map: Dämmertürme

Players

galadriels

  • Race: Zerg Zerg
  • League: Gold

propagare - Winner!

  • Race: Terran Terran
  • League: Gold

VOD

Have the link to the VOD?

Description

Time

  • Played on: Dec. 26, 2015, 2:20 p.m.
  • Length: 15:56
Show
View Real Time Build Order
Export as new Build Order

galadriels Zerg 

Build Orders: Hatch First 

Get SALT Encoding   

  12  0:07  Overlord  
  12  0:12  Drone  
  13  0:17  Drone  
  14  0:26  Drone  
  15  0:29  Drone  
  16  0:40  Drone  
  17  0:54  Hatchery  
  16  1:02  Drone  
  17  1:07  Drone  
  18  1:18  Spawning Pool  
  17  1:20  Extractor, Drone  
  17  1:23  Drone  
  18  1:34  Drone  
  19  1:45  Drone  
  20  1:55  Overlord  
  20  2:06  Drone  
  20  2:07  Drone  
  22  2:11  Queen x2  
  26  2:21  Roach Warren  
  26  2:22  Drone x2  
  27  2:28  Drone x2  
  29  2:42  Spine Crawler  
  28  2:45  Spine Crawler  
  27  2:52  Zergling x8  
  33  3:09  Drone x2  
  33  3:12  Metabolic Boost  
  35  3:18  Drone  
  36  3:20  Overlord  
  36  3:26  Hatchery  
  35  3:36  Drone  
  35  3:38  Drone  
  35  3:39  Drone x4  
  35  3:40  Drone  
  42  4:02  Queen  
  44  4:06  Extractor  
  44  4:08  Queen, Overlord  
  44  4:09  Extractor, Overlord x4  
  44  4:28  Drone x4  
  44  4:31  Evolution Chamber x2  
  47  4:34  Spore Crawler  
  47  4:36  Spore Crawler  
  44  4:38  Roach  
  44  4:39  Roach x3  
  52  4:45  Queen  
  54  4:53  Drone  
  54  4:54  Drone x3  
  54  4:55  Drone  
  59  5:07  Zerg Missile Weapons Level 1  
  59  5:09  Zerg Ground Armor Level 1  
  59  5:10  Drone  
  59  5:11  Drone x2  
  59  5:12  Drone  
  63  5:15  Drone  
  63  5:17  Drone  
  65  5:22  Extractor, Drone  
  65  5:23  Drone x2  
  67  5:30  Roach x2  
  67  5:32  Ravager x2  
  67  5:33  Ravager  
  74  5:46  Roach x5  
  83  5:53  Roach  
  83  5:54  Roach  
  87  6:01  Roach  
  87  6:04  Overlord x4  
  89  6:24  Drone  
  89  6:25  Drone x6  
  96  6:31  Extractor x2  
  94  6:35  Drone x3  
  94  6:38  Roach  
  94  6:39  Roach  
  101  6:52  Drone x2  
  101  6:53  Drone x3  
  106  7:00  Lair  
  106  7:04  Drone  
  106  7:05  Drone x8  
  115  7:11  Spore Crawler  
  114  7:17  Zerg Melee Weapons Level 1  
  114  7:26  Drone  
  114  7:27  Drone x5  
  120  7:36  Spine Crawler x2  
  118  7:37  Spine Crawler  
  118  7:38  Roach, Spore Crawler  
  118  7:39  Roach  
  118  7:41  Overlord  
  118  7:42  Overlord x8  
  120  8:04  Extractor  
  120  8:05  Spore Crawler x2  
  117  8:06  Hatchery  
  117  8:08  Roach  
  117  8:09  Roach x8  
  134  8:21  Pneumatized Carapace  
  134  8:27  Infestation Pit, Glial Reconstitution  
  133  8:35  Spire  
  133  8:37  Roach  
  133  8:38  Roach x8  
  133  8:39  Roach  
  152  8:46  Zerg Ground Armor Level 2  
  152  8:54  Roach x5, Extractor  
  161  9:17  Ravager x2  
  162  9:23  Queen  
  165  9:57  Hive  
  165  10:04  Spire  
  165  10:06  Zerg Flyer Weapons Level 1  
  164  10:12  Zergling x2  
  164  10:13  Zergling x44  
  164  10:14  Zergling x10  
  192  10:32  Zerg Missile Weapons Level 2  
  192  10:53  Hatchery  
  191  11:13  Roach  
  191  11:14  Roach x3  
  193  11:27  Roach  
  193  11:28  Roach x2  
  195  11:57  Ravager  
  195  11:58  Ravager x3  
  188  12:41  Greater Spire  
  188  12:43  Mutalisk  
  188  12:44  Mutalisk x6  
  196  12:51  Mutalisk  
  195  13:02  Mutalisk  
  195  13:03  Mutalisk x8  
  188  13:07  Mutalisk  
  188  13:08  Mutalisk x4  
  163  13:23  Mutalisk  
  163  13:24  Mutalisk x15  
  120  13:44  Corruptor  
  120  13:45  Corruptor x3  
  120  13:48  Zergling x12  
  105  13:53  Zergling x8  
  100  14:07  Zergling x12  
  88  14:11  Corruptor x3  
  84  14:25  Zergling x8  
  86  14:39  Corruptor  
  86  14:40  Corruptor x4, Overlord  
  93  14:52  Zergling x2  
  85  14:53  Zergling x8  
  85  14:58  Brood Lord  
  85  15:08  Zergling x8  
  85  15:09  Zergling x2  
  73  15:30  Zergling x2  
  73  15:31  Zergling x8  
Show
View Real Time Build Order
Export as new Build Order

propagare Terran - Winner!

Build Orders: Reaper Expand 

Get SALT Encoding   

  12  0:01  SCV  
  13  0:13  SCV  
  14  0:17  Supply Depot  
  14  0:25  SCV  
  15  0:33  Refinery  
  15  0:39  SCV  
  16  0:45  Barracks  
  16  0:51  SCV  
  17  1:03  SCV  
  18  1:15  SCV  
  19  1:31  Orbital Command  
  19  1:32  Reaper  
  20  1:45  Command Center  
  20  1:53  Supply Depot  
  20  1:55  Refinery  
  20  1:57  SCV  
  21  2:10  SCV  
  21  2:13  Barracks Reactor  
  22  2:23  SCV  
  23  2:33  Factory  
  23  2:55  Marine x2  
  24  2:59  Factory, SCV  
  24  3:01  Orbital Command  
  25  3:10  Refinery  
  25  3:11  SCV  
  26  3:14  Marine x2  
  26  3:17  Factory Tech Lab  
  28  3:23  SCV  
  29  3:29  SCV  
  30  3:35  SCV  
  30  3:39  Marine x2  
  30  3:40  Siege Tank  
  30  3:41  SCV  
  37  3:45  Factory Tech Lab  
  37  3:47  SCV  
  38  3:53  SCV  
  39  3:57  Marine x2  
  39  3:59  SCV  
  42  4:03  Siege Tank  
  42  4:05  SCV  
  46  4:17  SCV  
  46  4:18  Siege Tank  
  46  4:21  Supply Depot  
  50  4:24  Command Center  
  50  4:29  SCV  
  50  4:30  SCV  
  52  4:41  SCV  
  52  4:42  Marine x2, SCV  
  52  4:43  Siege Tank  
  59  4:47  Supply Depot  
  59  4:55  SCV x2  
  61  5:04  Supply Depot  
  61  5:05  Supply Depot  
  61  5:09  Siege Tank  
  61  5:10  SCV x2  
  61  5:12  Marine  
  67  5:14  Marine  
  68  5:22  SCV x2  
  68  5:25  Supply Depot  
  68  5:26  Siege Tank  
  73  5:31  Marine  
  73  5:33  Marine  
  73  5:34  SCV x2  
  77  5:36  Supply Depot x2  
  77  5:53  SCV x2  
  77  5:54  Marine x2  
  77  5:55  Siege Tank  
  84  5:59  Engineering Bay  
  84  6:01  Refinery, Engineering Bay  
  84  6:02  Supply Depot  
  84  6:04  Supply Depot  
  84  6:05  SCV x2  
  84  6:08  Siege Tank  
  89  6:17  SCV  
  90  6:18  Orbital Command  
  90  6:20  Marine x2  
  92  6:27  SCV  
  92  6:29  SCV  
  94  6:36  Siege Tank  
  94  6:38  Terran Infantry Weapons Level 1, Terran Infantry Armor Level 1  
  94  6:39  SCV  
  98  6:42  Supply Depot x2  
  98  6:43  Supply Depot  
  98  6:45  SCV  
  99  6:47  Marine x2  
  99  6:48  Siege Tank  
  104  6:56  Armory  
  104  7:01  Barracks  
  104  7:02  Barracks  
  104  7:05  Supply Depot  
  104  7:07  Supply Depot x2  
  104  7:17  SCV x3  
  104  7:19  Siege Tank, Marine x2  
  112  7:25  Siege Tank  
  112  7:29  SCV x3  
  118  7:35  Missile Turret  
  118  7:37  Missile Turret  
  118  7:38  Missile Turret  
  118  7:39  Missile Turret  
  118  7:40  Missile Turret  
  118  7:41  Missile Turret  
  118  7:45  Missile Turret  
  118  7:46  Supply Depot, Missile Turret  
  118  7:49  Supply Depot  
  118  7:51  Supply Depot  
  118  7:52  SCV  
  118  7:53  SCV x2  
  118  7:55  Marine x2  
  118  7:56  Barracks Reactor  
  118  7:58  Barracks Tech Lab  
  123  8:02  Siege Tank  
  123  8:05  SCV x3  
  129  8:07  Starport  
  129  8:12  Supply Depot  
  129  8:18  Starport  
  129  8:20  Refinery  
  129  8:21  Refinery  
  129  8:22  SCV x3  
  129  8:24  Marine x3  
  129  8:25  Siege Tank  
  138  8:33  Stimpack  
  138  8:34  SCV x3  
  140  8:35  Marine x2, Missile Turret  
  140  8:36  Siege Tank  
  146  8:47  Terran Infantry Weapons Level 2, Terran Infantry Armor Level 2  
  146  8:51  Terran Vehicle And Ship Armor Level 1  
  146  8:58  Supply Depot  
  146  9:01  Supply Depot  
  146  9:04  Starport Reactor x2  
  146  9:13  Siege Tank  
  146  9:14  Siege Tank  
  146  9:15  Marine x5  
  157  9:22  Missile Turret  
  157  9:28  Liberator  
  157  9:32  Marine x2  
  157  9:33  Marine x3  
  157  9:38  Armory  
  162  9:41  Medivac x2  
  162  9:43  Liberator  
  166  9:50  Marine  
  170  9:54  Supply Depot  
  170  10:00  Missile Turret  
  170  10:03  Marine x3  
  170  10:04  Marine  
  177  10:11  Liberator  
  177  10:13  Command Center  
  177  10:15  Barracks  
  177  10:16  Medivac x2  
  177  10:18  Barracks  
  181  10:24  Marine x3  
  181  10:25  Marine x2  
  181  10:26  Liberator  
  186  10:28  Terran Vehicle Weapons Level 1  
  186  10:30  Liberator x2  
  189  10:37  Missile Turret  
  189  10:42  Marine  
  199  10:54  Terran Ship Weapons Level 1  
  195  11:21  Liberator  
  195  11:22  Liberator  
  200  11:56  Terran Infantry Weapons Level 3, Terran Infantry Armor Level 3  
  200  11:57  Barracks Reactor  
  200  12:06  Orbital Command  
  195  12:33  Marine  
  195  12:34  Barracks Reactor  
  187  13:10  Terran Vehicle And Ship Armor Level 2, Terran Vehicle Weapons Level 2  
  152  13:34  Liberator  
  152  13:35  Liberator  
  149  13:47  Marine  
  149  13:48  Marine x8  
  144  13:50  Siege Tank x2  
  144  13:52  Medivac  
  144  13:53  Medivac  
  163  14:05  Marine  
  163  14:06  Marine x4  
  168  14:22  Medivac  
  168  14:24  Marine x9  
  176  14:41  Marine  
  176  14:42  Marine x8  
  176  14:50  Cyclone x2  
  179  14:59  Marine  
  180  15:00  Marine x8  
  188  15:17  Marine  
  188  15:18  Marine x8  
  197  15:22  Cyclone  
  196  15:35  Marine x5  
  194  15:36  Marine x2  
Tags
 
Add a new tag
Caveats
  • Supply blocks, unpowered buildings, or Contaminate may cause inaccurate times.
  • Supply counts are checked every 10 seconds.